 Dungeon Crawl Stone Soup version 0.28-a0-1613-gdaab1c2f9b (webtiles) character file.

Game seed: 11380591217110668010

51 RepHenryClay the Stinger (level 3, -6/19 HPs)
             Began as a Deep Elf Venom Mage on Jan 21, 2022.
             Mangled by an orc (8 damage)
             ... on level 2 of the Dungeon.
             The game lasted 00:02:29 (1915 turns).

RepHenryClay the Stinger (Deep Elf Venom Mage)      Turns: 1915, Time: 00:02:30

Health: -6/19      AC:  2    Str:  3 (5)  XL:     3   Next: 58%
Magic:  7/9        EV: 12    Int: 20 (21) God:
Gold:   70         SH:  0    Dex: 14 (15) Spells: 5/8 levels left

rFire   . . .      SeeInvis .   e - +0 lajatang
rCold   . . .      Faith    .   (shield currently unavailable)
rNeg    . . .      Spirit   .   a - +0 robe
rPois   .          Reflect  .   (no helmet)
rElec   .          Harm     .   (no cloak)
rCorr   .          Rampage  .   (no gloves)
Will    .....                   (no boots)
Stlth   ++........              (no amulet)
HPRegen 0.06/turn               (no ring)
MPRegen 0.11/turn               (no ring)

@: flying
A: no striking features
a: no special abilities


You were on level 2 of the Dungeon.
You visited 1 branch of the dungeon, and saw 2 of its levels.

You collected 70 gold pieces.

Inventory:

Hand Weapons
 e - a +0 lajatang (weapon)
Missiles
 c - 6 poisoned darts
Armour
 a - a +0 robe (worn)
Potions
 b - a potion of degeneration


   Skills:
 - Level 2.5 Dodging
 - Level 2.5 Stealth
 - Level 3.0 Spellcasting
 - Level 1.2 Transmutations
 + Level 4.9 Poison Magic


You had 5 spell levels left.
You knew the following spells:

 Your Spells              Type           Power      Damage    Failure   Level
a - Sting                 Tmut/Pois      60%        1d6       4%          1
b - Poisonous Vapours     Pois/Air       26%        N/A       8%          2

Your spell library contained the following spells:

 Spells                   Type           Power      Damage    Failure   Level
 Sandblast                Erth           6%         2d5       14%         1
 Passwall                 Tmut/Erth      4%         N/A       17%         2
 Olgreb's Toxic Radiance  Pois           23%        N/A       19%         4
 Mephitic Cloud           Conj/Pois/Air  9%         N/A       22%         3
 Stone Arrow              Conj/Erth      6%         3d7       38%         3


Dungeon Overview and Level Annotations

Branches:
Dungeon (2/15)

Altars:


Message History

Press: ? - help, Shift-Dir - straight line, f - orc
Aim: an orc, wielding a +3 flail (74% to hit)
The sting hits the orc.
The orc is poisoned.
The orc is moderately wounded.
The orc barely misses you.
Casting: Sting (safe; 3% risk of failure)
Confirm with . or Enter, or press ? or * to list all spells.
Okay, then.
The orc wizard casts a spell.
The orc wizard flickers and vanishes!
Deactivating autopickup; reactivate with Ctrl-A.
Casting: Sting (safe; 3% risk of failure)
Confirm with . or Enter, or press ? or * to list all spells.
Aiming: Poisonous Vapours (safe; 7% risk of failure)
Press: ? - help, Dir - move target, p - orc Poisonous vapours surround something!
The orc looks more healthy.
Casting: Poisonous Vapours (safe; 7% risk of failure)
Confirm with . or Enter, or press ? or * to list all spells.
Okay, then.
You closely miss the orc.
The orc is almost dead.
The orc closely misses you. The orc hits you with a +3 flail!
Ouch! That really hurt!
Huge Dmg: -52%(-10hp) hp: 48%(9hp)
Casting: Poisonous Vapours (safe; 7% risk of failure)
Confirm with . or Enter, or press ? or * to list all spells.
Aiming: Poisonous Vapours (safe; 7% risk of failure)
Press: ? - help, Dir - move target Poisonous vapours surround something!
The orc hits you with a +3 flail!
* * * LOW HITPOINT WARNING * * *
Huge Dmg: -42%(-8hp) hp: 6%(1hp) It was a potion of degeneration.
There was something very wrong with that liquid.
You feel weakened.
You feel dopey.
You feel clumsy. The orc barely misses you.
It was a potion of flight.
You feel very buoyant.
You fly up into the air.
The orc hits you with a +3 flail!
You die...

###########################
....).....................#
................#.#######.#
####.#.#######..#.#
#.######### .........#
#..#.#######.....o....
####.#)#.#
#.............########
.......#.# #..#@#.####...#
.###.#.#.#####..#o##.###...#
.# #.#......##..#.....o....#
.###...#################.#.#
....#### ##### .#### ##


You could see an orc.

Vanquished Creatures
  3 gnolls
  A ball python (D:2)
  A giant cockroach (D:1)
  2 goblins (D:1)
  2 hobgoblins (D:1)
  4 kobolds
  3 quokkas
  3 bats
  2 frilled lizards (D:1)
21 creatures vanquished.

Notes
Turn   | Place    | Note
-------+----------+-------------------------------------------
     0 | D:1      | RepHenryClay the Deep Elf Venom Mage began the quest for
                  | the Orb.
     0 | D:1      | Reached XP level 1. HP: 10/10 MP: 6/6
   546 | D:1      | Reached XP level 2. HP: 15/15 MP: 5/8
   701 | D:1      | Learned a level 2 spell: Poisonous Vapours
   999 | D:1      | Reached skill level 4 in Poison Magic
  1375 | D:2      | Reached XP level 3. HP: 17/19 MP: 3/9
  1915 | D:2      | Mangled by an orc

Illustrated notes

Levels and vault maps discovered:
D:1:      denvon_arrival_planthouse, layout_loops_cross
D:2:      kb_forest_paths, layout_loops_ring

Skill      XL: |  1  2 |
---------------+-------+-----
Poison Magic   | 4 |  4.9
Dodging        | |  2.5
Stealth        | |  2.5
Spellcasting   | |  3.0
Transmutations | |  1.2

Action                   || total
-------------------------++-------
Melee: Lajatang          ||     1
 Cast: Sting             ||    55
       Poisonous Vapours ||     2
  Use: Potion            ||     2
Armor: Robe              ||     8
Dodge: Dodged            ||    21

Table legend: (Time is in decaauts)
 A = Elapsed time spent in this place.
 B = Non-inter-level travel time spent in this place.
 C = Inter-level travel time spent in this place.
 D = Time resting spent in this place.
 E = Time spent auto-exploring this place.
 F = Levels seen in this place.
 G = Mean time per level.
                   A        B        C        D        E       F      G
               +--------+--------+--------+--------+--------+-----+--------+
         Total |   1915 |   1884 |     31 |      5 |   1660 |   2 |  957.5 |
       Dungeon |   1915 |   1884 |     31 |      5 |   1660 |   2 |  957.5 |
               +--------+--------+--------+--------+--------+-----+--------+

Top non-repeatable levels by time:
     D:1: 1477 daAuts
     D:2: 438 daAuts
